 Dungeon Crawl Stone Soup version 0.21.1-1-g345015fe64 (webtiles) character file.

4536 RaHiT the Nimble (level 10, 0/77 HPs)
             Began as a Demonspawn Chaos Knight on Feb 23, 2018.
             Splashed by an acid dragon's acid (11 damage)
             ... on level 9 of the Dungeon.
             The game lasted 00:44:50 (9470 turns).

RaHiT the Nimble (Demonspawn Chaos Knight)          Turns: 9470, Time: 00:44:50

Health: 0/77       AC:  0    Str: 21    XL:     10   Next: 17%
Magic:  10/10      EV: 17    Int: 16    God:    Xom [......]
Gold:   437        SH:  0    Dex: 12    Spells: 9/9 levels left

rFire    + . .     SeeInvis +   a - +0 falchion (chaos)
rCold    + . .     Gourm    .   (no shield)
rNeg     . . .     Faith    .   v - +2 robe {rF+}
rPois    .         Spirit   .   R - +0 hat
rElec    .         Reflect  .   q - scarf {cloud immunity}
rCorr    .         Harm     .   (no gloves)
MR       .....                  (boots unavailable)
Stlth    ++........             (no amulet)
HPRegen  0.62/turn              t - ring of stealth
MPRegen  0.12/turn              p - ring of protection from cold (curse)

@: mighty, corroded
A: antennae 2, talons 3, see invisible, clever 1, powered by pain 1,
regeneration 1, evolution 1, rot immunity
a: Renounce Religion


You were on level 9 of the Dungeon.
You worshipped Xom.
You were a very special plaything of Xom.
You were not hungry.

You visited 1 branch of the dungeon, and saw 9 of its levels.
You also visited: Ossuary.

You collected 707 gold pieces.
You spent 270 gold pieces at shops.

Inventory:

Hand Weapons
 a - a +0 falchion of chaos (weapon)
 k - a +2 dagger of venom
 u - a +0 blowgun
 y - a +0 falchion
 z - the +5 whip of Fate {flame, +Blink}
   (You found it on level 5 of the Dungeon)

   It has been specially enchanted to burn those struck by it, causing extra
   injury to most foes and up to half again as much damage against particularly
   susceptible opponents.
   It lets you blink.
Missiles
 l - 210 stones
 r - 11 javelins (quivered)
 s - 5 tomahawks
 w - 52 poisoned needles
 M - a throwing net
 N - 2 curare-tipped needles
Armour
 b - a +2 leather armour
 q - a scarf of cloud immunity (worn)
 v - a +2 robe of fire resistance (worn)
 F - a +0 robe of the Archmagi
 R - a +0 hat (worn)
Jewellery
 p - a cursed ring of protection from cold (right hand)
 t - a ring of stealth (left hand)
Wands
 i - a wand of paralysis (14)
 n - a wand of clouds (12)
Scrolls
 d - 7 scrolls of remove curse
 h - 4 scrolls of fear
 j - 3 scrolls of immolation
 m - 5 scrolls of teleportation
 o - 7 scrolls of amnesia
 x - 5 scrolls of enchant weapon
 C - a scroll of noise
 E - 2 scrolls of fog
 G - 3 scrolls of blinking
 H - a scroll of silence
 J - a scroll of vulnerability
 P - a scroll of magic mapping
Potions
 e - 2 potions of heal wounds {unknown}
 f - a potion of flight {unknown}
 g - 2 potions of agility
 A - 2 potions of might
 D - a potion of lignification
 I - a potion of mutation {unknown}
 K - 5 potions of curing
 L - a potion of magic {unknown}
 O - a potion of cancellation {unknown}
Books
 B - a book of Conjurations

   Spells                             Type                      Level
   a - Magic Dart                     Conjuration                  1
   b - Searing Ray                    Conjuration                  2
   c - Dazzling Spray                 Conjuration/Hexes            3
   d - Fulminant Prism                Conjuration/Hexes            4
   e - Force Lance                    Conjuration/Translocation    4
   f - Iskenderun's Mystic Blast      Conjuration                  4
Comestibles
 c - 14 rations
 Q - 3 chunks of flesh


   Skills:
 * Level 6.8 Fighting
 + Level 8.0 Long Blades
 - Level 2.0 Armour
 - Level 10.0 Dodging


You had 9 spell levels left.
You didn't know any spells.

Dungeon Overview and Level Annotations

Branches:
Dungeon (9/15)             Temple (0/1) D:4
   Lair: D:8-11         Orc: D:9-12

Altars:
Kikubaaqudgha
Makhleb
Xom

Shops:
D:8 %   D:9 ?

Annotations:
D:6 5 runed doors


Innate Abilities, Weirdness & Mutations

You have a pair of antennae on your head.
You have claws for feet.
You sometimes gain a little power by taking damage.
You are immune to rotting.
You have supernaturally acute eyesight. (SInv)
Your mind is acute. (Int +2)
Your natural rate of healing is unusually fast.
You evolve.


Message History

You barely miss the acid dragon. Your kick misses the acid dragon.
The acid dragon bites you! The acid dragon claws you.
You hit the acid dragon.
The acid dragon seems to slow down.
The acid dragon is lightly wounded.
The acid dragon bites you!
You focus on the pain.
You feel very mighty all of a sudden. The acid dragon misses you.
You hit the acid dragon. You drain the acid dragon! You claw the acid dragon!
The acid dragon is severely wounded.
You closely miss the acid dragon. Your kick misses the acid dragon.
The acid dragon is severely wounded.
The acid dragon is no longer moving slowly.
The acid dragon spits acid at you. The splash of acid hits you!
* * * LOW HITPOINT WARNING * * *
You focus on the pain.
You feel mightier all of a sudden.
You are splashed with acid!
The acid burns!
You die...
Xom guffaws!

P..P....#.##.###.#.##
PP..P...#.##.####.##
...P.PP.# ##......#
P...P.P...######..#
FPF.PP...#........#
P..PPP.P.#.#####.##
#.# P..#F#####.#
P...FYD@...#
P...r####### .(. . {


You could see a yak, an acid dragon, 2 bullfrogs and a quokka.

Vanquished Creatures
  A rime drake (D:4)
  Grinder (D:6)
  A hippogriff (D:7)
  A wyvern (D:8)
  A steam dragon (D:7)
  A warg (shapeshifter) (D:6)
  A black bear (D:6)
  3 sky beasts
  2 ice beasts
  An orc warrior (D:8)
  3 phantoms
  A centaur (D:7)
  2 ogres
  2 big kobolds
  A crocodile (D:9)
  2 bullfrogs
  3 killer bees (D:8)
  A water moccasin skeleton (D:3)
  A howler monkey (D:4)
  2 vampire bats (D:2)
  A centaur zombie (Ossuary)
  A crimson imp (D:8)
  3 bullfrog zombies (Ossuary)
  2 jellies
  A gnoll shaman (D:5)
  5 orc priests
  2 hounds
  An iguana (D:9)
  14 orc wizards
  7 worker ants
  2 killer bee zombies (Ossuary)
  A hound zombie (Ossuary)
  A hound skeleton (D:5)
  12 mummies
  8 worker ant zombies
  4 gnolls
  10 adders
  A river rat (D:4)
  2 shadow imps
  2 oozes
  6 adder zombies (Ossuary)
  An adder skeleton (D:6)
  4 dart slugs
  3 leopard geckos
  39 orcs
  3 bat skeletons (D:2)
  4 bat zombies (D:2)
  4 giant cockroaches
  6 goblins
  8 hobgoblins
  23 jackals
  11 kobolds
  2 quokkas
  2 ball pythons
  7 bats
  5 frilled lizards
  2 giant cockroach zombies (Ossuary)
  A goblin zombie (D:7)
  A jackal zombie (D:6)
  A leopard gecko skeleton (D:5)
  2 leopard gecko zombies (Ossuary)
  An orc zombie (D:7)
  A quokka zombie (Ossuary)
  4 rats
252 creatures vanquished.

Vanquished Creatures (collateral kills)
  A worker ant (D:7)
1 creature vanquished.

Vanquished Creatures (others)
  An ogre (D:4)
  A worker ant (D:7)
  A gnoll (D:6)
  5 fungi (D:9)
  2 plants (D:9)
  2 withered plants (Ossuary)
12 creatures vanquished.

Grand Total: 265 creatures vanquished

Notes
Turn   | Place    | Note
-------+----------+-------------------------------------------
     0 | D:1      | RaHiT the Demonspawn Chaos Knight began the quest for the Orb.
     0 | D:1      | Reached XP level 1. HP: 18/18 MP: 1/1
    36 | D:1      | Reached skill level 1 in Dodging
   112 | D:1      | Gained mutation: You are immune to rotting. [demonic ancestry]
   112 | D:1      | Reached XP level 2. HP: 23/24 MP: 2/2
   253 | D:1      | XOM: divination: magic mapping
   490 | D:1      | XOM: divination: detect items
   770 | D:2      | Gained mutation: You have sharp toenails. [demonic ancestry]
   770 | D:2      | Reached XP level 3. HP: 29/29 MP: 3/3
   787 | D:2      | XOM: medium Tloc miscast
  1127 | D:2      | XOM: harmless Conj miscast
  1190 | D:2      | Found an ancient bone altar of Kikubaaqudgha.
  1193 | D:2      | XOM: potion effect (agility)
  1198 | D:2      | Reached XP level 4. HP: 33/35 MP: 4/4
  1205 | D:2      | Reached skill level 5 in Long Blades
  1360 | D:2      | XOM: potion effect (brilliance)
  1392 | D:2      | Gained mutation: You sometimes gain a little power by taking damage. [demonic ancestry]
  1392 | D:2      | Reached XP level 5. HP: 37/41 MP: 5/5
  1555 | D:2      | XOM: cloud trail
  1570 | D:2      | XOM: harmless Summ miscast
  2462 | D:3      | Gained mutation: You have a pair of small antennae on your head. [demonic ancestry]
  2462 | D:3      | Reached XP level 6. HP: 40/47 MP: 6/6
  2663 | D:4      | XOM: scenery: create altars
  2670 | D:3      | XOM: cloud trail
  2961 | D:4      | XOM: scenery: create altars
  3048 | D:4      | XOM: 2-stop teleportation journey
  3089 | D:4      | Noticed a rime drake
  3089 | D:4      | a black bear changed into a rime drake
  3089 | D:4      | XOM: polymorph black bear -> rime drake
  3302 | D:3      | XOM: give mutations
  3302 | D:3      | Gained mutation: Your mind is acute. (Int +2) [Xom's grace]
  3302 | D:3      | Gained mutation: You have supernaturally acute eyesight. (SInv) [Xom's grace]
  3302 | D:3      | Gained mutation: You evolve. [Xom's grace]
  3302 | D:3      | Gained mutation: You have razor-sharp toenails. [Xom's grace]
  3359 | D:4      | XOM: butterfly on damage
  3410 | D:3      | XOM: harmless Tmut miscast
  3442 | D:3      | XOM: give mutation
  3442 | D:3      | Gained mutation: Armour fits poorly on your strangely shaped body. [Xom's mischief]
  3526 | D:4      | XOM: noise
  3554 | D:4      | XOM: harmless Tmut miscast
  3746 | D:4      | XOM: give mutation
  3746 | D:4      | Gained mutation: Your natural rate of healing is unusually fast. [Xom's grace]
  3787 | D:4      | Found a staircase to the Ecumenical Temple.
  3818 | D:4      | Reached skill level 2 in Dodging
  3818 | D:4      | Gained mutation: You have a pair of antennae on your head. [demonic ancestry]
  3818 | D:4      | Reached XP level 7. HP: 33/52 MP: 7/7
  3930 | D:4      | XOM: blink monster(s)
  3947 | D:4      | Killed a rime drake
  3947 | D:4      | Reached skill level 4 in Dodging
  4341 | D:5      | Entered Level 5 of the Dungeon
  4352 | D:5      | Reached skill level 5 in Dodging
  4358 | D:5      | Got an iridescent whip
  4359 | D:5      | Identified the +5 whip of Fate {flame, +Blink} (You found it on level 5 of the Dungeon)
  4411 | D:5      | XOM: fog
  4451 | D:5      | XOM: medium Chrm miscast
  4457 | D:5      | HP: 2/52 [ogre/giant spiked club (7)]
  4464 | D:5      | Reached XP level 8. HP: 32/58 MP: 8/8
  4584 | D:5      | Reached skill level 6 in Dodging
  4684 | D:5      | XOM: confusion
  4725 | D:4      | XOM: noise
  5198 | D:5      | Found a burning altar of Makhleb.
  5198 | D:5      | Noticed a blizzard demon
  5201 | D:5      | Noticed an orange demon
  5480 | D:6      | XOM: noise
  5484 | D:5      | Reached skill level 7 in Dodging
  5533 | D:6      | XOM: swap monsters
  5542 | D:6      | XOM: enchant monster (bad)
  5550 | D:6      | Noticed Grinder
  5591 | D:5      | Lost mutation: Armour fits poorly on your strangely shaped body. [evolution]
  5750 | D:6      | XOM: enchant monster (bad)
  5756 | D:6      | XOM: blink monster(s)
  5760 | D:6      | Reached skill level 8 in Dodging
  5768 | D:6      | XOM: noise
  5916 | D:6      | Found a runed door.
  5923 | D:6      | Found a runed gate.
  5943 | D:6      | XOM: destruction
  5946 | D:6      | Killed Grinder
  5946 | D:6      | Mutation became permanent: You have sharp toenails. [demonic ancestry]
  5946 | D:6      | Gained mutation: You have razor-sharp toenails. [demonic ancestry]
  5946 | D:6      | Reached XP level 9. HP: 63/63 MP: 9/9
  5990 | D:6      | Found a runed gate.
  5992 | D:6      | Found a runed gate.
  6003 | D:6      | Found a runed door.
  6014 | D:6      | Found the +9 staff of Olgreb {rPois}
  6254 | D:6      | XOM: medium Hex miscast
  6332 | D:6      | XOM: polymorph ice beast -> warg
  6343 | D:6      | Reached skill level 9 in Dodging
  6612 | D:7      | XOM: enchant monster (good)
  6773 | D:7      | Found a sand-covered staircase.
  6779 | Ossuary  | Entered an ossuary
  6875 | Ossuary  | XOM: scenery: 5 doors open, 5 doors close
  6908 | Ossuary  | XOM: harmless Tmut miscast
  7008 | Ossuary  | Reached skill level 10 in Dodging
  7268 | D:7      | XOM: summons 3 friendly demons
  7389 | D:7      | XOM: smoke on damage
  7444 | D:7      | XOM: medium Tmut miscast
  7689 | D:7      | XOM: cast spell 'Olgreb's Toxic Radiance'
  7691 | D:7      | XOM: confusion
  7727 | D:7      | XOM: noise
  7748 | D:7      | Reached skill level 5 in Fighting
  7794 | D:7      | XOM: harmless Fire miscast
  7863 | D:7      | XOM: mild Air miscast
  8447 | D:8      | Gained mutation: You have claws for feet. [demonic ancestry]
  8447 | D:8      | Reached XP level 10. HP: 70/76 MP: 10/10
  8813 | D:8      | XOM: silly message
  8844 | D:8      | XOM: confusion
  8953 | D:8      | Found Udopou's Food Shoppe.
  9209 | D:9      | Found Vunwu's Magic Scroll Emporium.
  9212 | D:9      | Bought a scroll of magic mapping for 42 gold pieces
  9212 | D:9      | Bought a scroll of identify for 24 gold pieces
  9213 | D:9      | Bought a scroll of identify for 24 gold pieces
  9213 | D:9      | Bought a scroll of blinking for 90 gold pieces
  9213 | D:9      | Bought a scroll of blinking for 90 gold pieces
  9224 | D:9      | XOM: noise
  9230 | D:9      | XOM: cast spell 'Alistair's Intoxication'
  9246 | D:9      | XOM: confuse monster(s)
  9247 | D:9      | XOM: confusion (+ monsters)
  9373 | D:9      | XOM: 2-stop teleportation journey
  9464 | D:9      | XOM: polymorph black bear -> acid dragon
  9470 | D:9      | Splashed by an acid dragon's acid

Skill      XL: |  1  2  3  4  5  6  7  8  9 10 |
---------------+-------------------------------+-----
Dodging        | 1 2 5 8 10 | 10.0
Armour         | 2 |  2.0
Long Blades    | 3 4 5 6 7 8 |  8.0
Fighting       | 6 |  6.8

Action                   |  1- 3 |  4- 6 |  7- 9 | 10-12 || total
-------------------------+-------+-------+-------+-------++-------
Melee: Falchion          |    35 |   164 |   503 |    93 ||   795
       Dagger            |    48 |       |     6 |       ||    54
       Kick              |    10 |    41 |   179 |    24 ||   254
       Whip              |       |       |     7 |       ||     7
 Fire: Blowgun           |       |       |     5 |       ||     5
Throw: Stone             |       |    15 |    13 |       ||    28
       Javelin           |       |    13 |    33 |     7 ||    53
  Use: Scroll            |       |     2 |     8 |     2 ||    12
       Potion            |       |     1 |     7 |       ||     8
 Stab: Paralysed         |     1 |     2 |     2 |       ||     5
       Sleeping          |     1 |     5 |     2 |     2 ||    10
       Petrified         |       |     1 |     5 |       ||     6
       Confused          |       |     1 |     2 |       ||     3
       Petrifying        |       |       |     5 |       ||     5
       Distracted        |       |       |     2 |       ||     2
  Eat: Chunk             |     1 |     6 |    11 |     4 ||    22
       Ration            |       |     1 |     1 |       ||     2
Armor: Leather armour    |    62 |    63 |    50 |       ||   175
       Skin              |       |       |    31 |       ||    31
       Robe              |       |       |    11 |    10 ||    21
Dodge: Dodged            |    75 |    74 |   364 |    62 ||   575
       Rpst.: Falchion   |    12 |    22 |   107 |    10 ||   151
